 Dungeon Crawl Stone Soup version 0.26-a0-30-g56b8cd3df0 (webtiles) character file.

Game seed: 2124673651232616994, levelgen mode: deterministic

175 MisterFreud the Firebug (level 5, 0/42 HPs)
             Began as a Naga Fire Elementalist on May 29, 2020.
             Slain by an orc
             ... wielding a +0 club
              (3 damage)
             ... on level 3 of the Dungeon.
             The game lasted 00:04:36 (1718 turns).

MisterFreud the Firebug (Naga Fire Elementalist)    Turns: 1718, Time: 00:04:36

Health: 0/42       AC:  2    Str: 11    XL:     5   Next: 55%
Magic:  8/9        EV: 10    Int: 16    God:
Gold:   46         SH:  0    Dex: 11    Spells: 9/10 levels left

rFire    . . .     SeeInvis +   e - +0 hand axe (vorpal)
rCold    . . .     Gourm    .   (no shield)
rNeg     . . .     Faith    .   a - +0 robe
rPois    +         Spirit   .   (no helmet)
rElec    .         Reflect  .   (no cloak)
rCorr    .         Harm     .   (no gloves)
MR       .....                  (no barding)
Stlth    ++........             (no amulet)
HPRegen  0.14/turn              (no ring)
MPRegen  0.11/turn              (no ring)

@: very slow
A: large, see invisible, deformed body, poison resistance, slowness 2, slow
metabolism 1, spit poison 1, AC +1
a: Spit Poison


You were on level 3 of the Dungeon.
You were hungry.

You visited 1 branch of the dungeon, and saw 3 of its levels.

You collected 46 gold pieces.

Inventory:

Hand Weapons
 e - a +0 vorpal hand axe (weapon)
Armour
 a - a +0 robe (worn)
Scrolls
 b - 2 scrolls of teleportation {unknown}
 d - a scroll of random uselessness {unknown}
Potions
 f - a potion of brilliance {unknown}
Comestibles
 c - a ration
 g - 3 chunks of flesh


   Skills:
 - Level 1.5 Dodging
 - Level 3.0 Stealth
 + Level 3.0 Spellcasting
 + Level 3.8 Conjurations
 + Level 3.8 Fire Magic


You had 9 spell levels left.
You knew the following spells:

 Your Spells              Type           Power        Failure   Level  Hunger
a - Foxfire               Conj/Fire      ##..         3%          1    #......

Your spell library contained the following spells:

 Spells                   Type           Power        Failure   Level  Hunger
 Conjure Flame            Conj/Fire      ##......     12%         3    ###....
 Inner Flame              Hex/Fire       #.......     26%         3    ###....
 Sticky Flame             Conj/Fire      ##......     36%         4    #####..
 Fireball                 Conj/Fire      ##........   71%         5    ######.


Dungeon Overview and Level Annotations

Branches:
Dungeon (3/15)

Altars:
Kikubaaqudgha


Innate Abilities, Weirdness & Mutations

You cannot wear boots.
Your serpentine skin is tough. (AC +1)
You have supernaturally acute eyesight. (SInv)
Armour fits poorly on your strangely shaped body.
Your system is resistant to poisons. (rPois)
You cover ground very slowly.
You have a slow metabolism.
You can spit poison.


Message History

You barely miss the orc.
The orc is heavily wounded.
The orc closely misses you.
You closely miss the orc.
The orc is heavily wounded.
The orc hits you with a +0 club.
* * * LOW HITPOINT WARNING * * *
The orc wizard gestures wildly while chanting.
The orc wizard blinks!
You hit the orc but do no damage.
The orc is heavily wounded.
You have got your breath back.
You kill the orc!
The orc misses you.
You hit the orc.
The orc is severely wounded.
The orc hits you with a +0 club.
* * * LOW HITPOINT WARNING * * *
The orc hits you with a +0 club.
You die...

#.........<.#
###......)....#
#......)..)..##
..###.......##
########.###..#
..%....#.# .##
.......#.# ..#
.......#.# ..#
.......#@#..##
.......#o#..#
............#
.......).#.##
.#...#.#o..#
##....#..##
#.#.#..... # ..
......
...#........


You could see an orc wizard (fast) and an orc.

Vanquished Creatures
  A scorpion (D:2)
  An orc priest (D:3)
  Jessica (D:3)
  2 adders (D:2)
  A shadow imp (D:2)
  2 worms (D:2)
  A leopard gecko (D:2)
  3 orcs (D:3)
  2 giant cockroaches (D:1)
  4 goblins
  A hobgoblin (D:1)
  5 jackals
  A quokka (D:2)
  3 bats
  3 frilled lizards
  2 kobolds
  3 rats
36 creatures vanquished.

Vanquished Creatures (others)
  60 foxfires
60 creatures vanquished.

Grand Total: 96 creatures vanquished

Notes
Turn   | Place    | Note
-------+----------+-------------------------------------------
     0 | D:1      | MisterFreud the Naga Fire Elementalist began the quest for
                  | the Orb.
     0 | D:1      | Reached XP level 1. HP: 15/15 MP: 3/3
   252 | D:1      | Reached XP level 2. HP: 22/22 MP: 3/5
  1010 | D:2      | Found an ancient bone altar of Kikubaaqudgha.
  1114 | D:2      | Reached XP level 3. HP: 28/28 MP: 4/6
  1329 | D:2      | Reached XP level 4. HP: 36/36 MP: 1/7
  1593 | D:3      | Noticed Jessica
  1595 | D:3      | Reached XP level 5. HP: 34/42 MP: 9/9
  1604 | D:3      | Killed Jessica
  1718 | D:3      | Slain by an orc

Illustrated notes

Levels and vault maps discovered:
D:1:      minmay_arrival_wavy_path, layout_loops_corners
D:2:      layout_basic, nicolae_overflow_crystal_walls, grunt_gozag_statues
D:3:      layout_rooms, first_ration, st_stairs_14, nicolae_underground_beach,
          uniq_jessica

Skill      XL: |  1  2  3  4  5 |
---------------+----------------+-----
Conjurations   | 2 3 |  3.8
Spellcasting   | 3 |  3.0
Dodging        | |  1.5
Stealth        | |  3.0
Fire Magic     | |  3.8

Action                   |  1- 3 |  4- 6 || total
-------------------------+-------+-------++-------
Melee: Unarmed           |     1 |       ||     1
       Hand axe          |     4 |    23 ||    27
 Cast: Foxfire           |    24 |    12 ||    36
 Abil: Spit Poison       |    22 |     5 ||    27
  Eat: Chunk             |     2 |     1 ||     3
Armor: Robe              |     4 |     2 ||     6
Dodge: Dodged            |    15 |    25 ||    40

Table legend:
 A = Non-vault XP
 B = Vault XP
 C = Vault XP percentage of total XP
 D = Non-vault monster count
 E = Vault monster count
 F = Vault count percentage of total count
                 A         B        C        D         E       F
            +---------+---------+-------+---------+---------+-------
      Total |     214 |      37 |  14.7 |      35 |       1 |   2.8
            +---------+---------+-------+---------+---------+-------
        D:1 |      22 |       0 |   0.0 |      14 |       0 |   0.0
        D:2 |     138 |       0 |   0.0 |      16 |       0 |   0.0
        D:3 |      54 |      37 |  40.7 |       5 |       1 |  16.7
            +---------+---------+-------+---------+---------+-------
